 Dungeon Crawl Stone Soup version 0.18.1-5-g4a78601 (webtiles) character file.

42 Chiseanne the Vexing (level 3, -2/24 HPs)
             Began as a Human Enchanter on May 9, 2016.
             Slain by a gnoll (7 damage)
             ... on level 1 of the Dungeon.
             The game lasted 00:05:46 (2141 turns).

Chiseanne the Vexing (Human Enchanter)              Turns: 2141, Time: 00:05:47

Health: -2/24      AC:  3    Str:  8    XL:     3   Next: 77%
Magic:  0/7        EV: 12    Int: 16    God:
Gold:   9          SH:  0    Dex: 13    Spells: 3 memorised, 1 level left

rFire  . . .     SeeInvis .     a - +1 dagger
rCold  . . .     Gourm    .     b - +1 robe
rNeg   . . .     Faith    +     (no shield)
rPois  .         Spirit   .     (no helmet)
rElec  .         Dismiss  .     (no cloak)
rCorr  .         Reflect  .     (no gloves)
SustAt .         Harm     .     (no boots)
MR     .....                    e - amulet of faith
Stlth  ++........               (no ring)
                                (no ring)

@: very slightly contaminated, not resistant to hostile enchantments, unstealthy
A: no striking features
a: no special abilities


You were on level 1 of the Dungeon.
You were hungry.

You visited 1 branch of the dungeon, and saw 2 of its levels.

You collected 9 gold pieces.

Inventory:

Hand Weapons
 a - a +1 dagger (weapon)
 w - a +0 hunting sling
Missiles
 g - 7 stones (quivered)
Armour
 b - a +1 robe (worn)
Jewellery
 e - an amulet of faith (around neck)
Books
 c - a book of Maledictions

   Spells                             Type                      Level
   a - Corona                         Hexes                        1
   b - Ensorcelled Hibernation        Hexes/Ice                    2
   c - Confuse                        Hexes                        3
   d - Tukima's Dance                 Hexes                        3
   e - Dazzling Spray                 Conjuration/Hexes            3
Comestibles
 d - a bread ration
 f - a chunk of flesh
 h - a meat ration


   Skills:
 - Level 1.0 Short Blades
 - Level 2.0 Dodging
 - Level 3.0 Stealth
 * Level 3.0 Spellcasting
 * Level 3.6 Hexes


You had one spell level left.
You knew the following spells:

 Your Spells              Type           Power        Failure   Level  Hunger
a - Corona                Hex            ##.....      6%          1    #......
b - Confuse               Hex            ##......     14%         3    ###....
c - Tukima's Dance        Hex            ##......     14%         3    ###....


Dungeon Overview and Level Annotations

Branches:
Dungeon (2/15)

Altars:


Message History

You hit the gnoll.
The gnoll is moderately wounded.
The gnoll hits you.
You closely miss the gnoll.
The gnoll is moderately wounded.
The gnoll hits you but does no damage.
You hit the gnoll.
The gnoll is moderately wounded.
The gnoll hits you!
* * * LOW HITPOINT WARNING * * *
Casting: Confuse
Confirm with . or Enter, or press ? or * to list all spells.
Aiming: Corona
Press: ? - help, Shift-Dir - straight line, f/p - gnoll
Aim: a gnoll, wearing a moonstone ring (moderately wounded, chance to defeat MR: 60%)
The gnoll is outlined in light.
The gnoll barely misses you.
You hit the gnoll but do no damage.
The gnoll is moderately wounded.
The gnoll hits you!
You die...

#### #..#############
#..............#
#...##########.#####
#...#........).g@..#
...........###.###.# .##.#.####.#
#.# #.##############
....#......###.###...............
############....#################
.................................
############....###############.#
####### #....# #.. #.#
......########'## #.# #.#


You could see a gnoll.

Vanquished Creatures
  A dart slug (D:1)
  A giant gecko (D:1)
  2 goblins (D:1)
  3 hobgoblins
  8 jackals (D:1)
  A ball python (D:1)
  8 bats
  2 giant newts
  5 kobolds
  5 rats
36 creatures vanquished.

Vanquished Creatures (others)
  A dancing weapon (D:1)
1 creature vanquished.

Grand Total: 37 creatures vanquished

Notes
Turn   | Place    | Note
--------------------------------------------------------------
     0 | D:1      | Chiseanne the Human Enchanter began the quest for the Orb.
     0 | D:1      | Reached XP level 1. HP: 13/13 MP: 3/3
   442 | D:1      | Reached XP level 2. HP: 18/19 MP: 3/5
  1258 | D:1      | Reached XP level 3. HP: 24/24 MP: 5/7
  1263 | D:1      | Learned a level 3 spell: Confuse
  1267 | D:1      | Learned a level 3 spell: Tukima's Dance
  2141 | D:1      | Slain by a gnoll

Skill      XL: |  1  2  3 |
---------------+----------+-----
Spellcasting   | 3 |  3.0
Short Blades   | |  1.0
Dodging        | |  2.0
Stealth        | |  3.0
Hexes          | |  3.6

Action                   || total
-------------------------++-------
Melee: Dagger            ||   147
 Fire: Hunting sling     ||     2
 Cast: Corona            ||    27
       Confuse           ||     9
       Tukima's Dance    ||     3
  Use: Scroll            ||     3
 Stab: Sleeping          ||     5
       Confused          ||     2
  Eat: Chunk             ||     5
Armor: Robe              ||    55
Dodge: Dodged            ||   106
